 Dungeon Crawl Stone Soup version 0.24.0-123-gd5b16e6ec5 (webtiles) character file.

Game seed: 11853046878544432420, levelgen mode: deterministic

645 Elellon the Cleaver (level 7, -1/57 HPs)
             Began as a Hill Orc Fighter on Jan 12, 2020.
             Slain by Grinder (12 damage)
             ... on level 5 of the Dungeon on Jan 13, 2020.
             The game lasted 00:05:58 (4633 turns).

Elellon the Cleaver (Hill Orc Fighter)              Turns: 4633, Time: 00:05:59

Health: -1/57      AC: 11    Str: 21    XL:     7   Next: 52%
Magic:  7/7        EV:  3    Int:  8    God:
Gold:   294        SH:  9    Dex: 10    Spells: 6/6 levels left

rFire    . . .     SeeInvis .   a - +0 war axe
rCold    . . .     Gourm    .   c - +0 shield
rNeg     . . .     Faith    .   t - +0 plate armour
rPois    .         Spirit   .   (no helmet)
rElec    .         Reflect  .   (no cloak)
rCorr    .         Harm     .   (no gloves)
MR       .....                  (no boots)
Stlth    ..........             (no amulet)
HPRegen  0.19/turn              (no ring)
MPRegen  0.10/turn              (no ring)

@: no status effects
A: no striking features
a: no special abilities


You were on level 5 of the Dungeon.
You were not hungry.

You visited 1 branch of the dungeon, and saw 5 of its levels.

You collected 294 gold pieces.

Inventory:

Hand Weapons
 a - a +0 war axe (weapon)
Missiles
 h - 8 poisoned darts (quivered)
Armour
 c - a +0 shield (worn)
 t - a +0 plate armour (worn)
Jewellery
 p - a +3 ring of intelligence {unknown}
 q - an uncursed ring of poison resistance {unknown}
Wands
 s - a wand of acid (6)
 u - a wand of flame (20)
Scrolls
 b - a scroll of enchant armour {unknown}
 e - 6 scrolls of magic mapping {unknown}
 g - 3 scrolls of amnesia {unknown}
 i - 5 scrolls of identify {unknown}
 k - 2 scrolls of teleportation {unknown}
 l - 2 scrolls of enchant weapon {unknown}
 m - a scroll of noise {unknown}
 r - a scroll of random uselessness {unknown}
 y - a scroll of immolation {unknown}
Potions
 d - 2 potions of might
 j - 3 potions of heal wounds {unknown}
 n - a potion of brilliance {unknown}
 o - a potion of haste {unknown}
 v - a potion of curing {unknown}
 w - a potion of berserk rage {unknown}
 x - a potion of ambrosia {unknown}
Comestibles
 f - 8 rations


   Skills:
 - Level 3.6 Fighting
 + Level 10.6 Axes
 - Level 3.2 Armour
 - Level 3.2 Shields


You had 6 spell levels left.
You didn't know any spells.
Your spell library was empty.

Dungeon Overview and Level Annotations

Branches:
Dungeon (5/15)
 Temple: D:4-7

Altars:
Dithmenos
Fedhas
Uskayaw
Zin

Annotations:
D:3 1 runed translucent door, caleiya's ghost, amateur GrFi
D:5 Grinder


Message History

You hit Grinder but do no damage.
Grinder is lightly wounded.
Grinder gestures at you. Pain shoots through your body!
You hit Grinder.
Grinder is lightly wounded.
Grinder hits you.
* * * LOW HITPOINT WARNING * * *
You writhe in agony.
* * * LOW HITPOINT WARNING * * *
You slash Grinder!
Grinder is heavily wounded.
Grinder hits you.
* * * LOW HITPOINT WARNING * * *
You writhe in agony.
* * * LOW HITPOINT WARNING * * *
You barely miss Grinder.
Grinder is heavily wounded.
Grinder hits you!
You die...

...#.
..#...#.#####...#.....##
.
........#.......#.....#
.
........#.......#.....#
.
........#.......#.....#
......................#
......................#
.###.......##.........#
......†5...######>......
.....##@...# #.......
.... #....# ........ ...
#....# ........ ..
#....# ........ . #....#
.....# ..#### ..# ...#


You could see Grinder.

Vanquished Creatures
  Eustachio (D:5)
  An ogre (D:5)
  A phantom (D:4)
  A scorpion (D:5)
  An orc priest (D:5)
  An orc wizard (D:4)
  Ijyb (D:4)
  A worker ant (D:5)
  2 hound skeletons (D:4)
  3 gnolls (D:3)
  3 adders
  2 oozes
  An adder skeleton (D:4)
  A worm (D:3)
  2 dart slugs (D:1)
  2 leopard geckos
  4 orcs (D:4)
  3 ball pythons
  4 giant cockroaches
  13 goblins
  8 hobgoblins
  7 jackals
  A quokka (D:4)
  5 bats
  7 frilled lizards
  9 kobolds
  4 rats
89 creatures vanquished.

Notes
Turn   | Place    | Note
-------+----------+-------------------------------------------
     0 | D:1      | Elellon the Hill Orc Fighter began the quest for the Orb.
     0 | D:1      | Reached XP level 1. HP: 19/19 MP: 1/1
     9 | D:1      | Reached skill level 3 in Axes
    86 | D:1      | Reached XP level 2. HP: 14/26 MP: 2/2
   275 | D:1      | Reached skill level 4 in Axes
   579 | D:1      | Reached XP level 3. HP: 31/31 MP: 3/3
   716 | D:1      | Reached skill level 5 in Axes
  1291 | D:2      | Found a faded altar of an unknown god.
  1463 | D:2      | Found a shadowy altar of Dithmenos.
  1625 | D:2      | Found a blossoming altar of Fedhas.
  1902 | D:3      | Reached XP level 4. HP: 37/39 MP: 4/4
  1911 | D:3      | Reached skill level 6 in Axes
  2279 | D:3      | Found a runed translucent door.
  2282 | D:3      | Noticed a bullfrog
  2288 | D:3      | Noticed caleiya's ghost (amateur GrFi)
  2670 | D:3      | Found a glowing silver altar of Zin.
  3092 | D:4      | Reached XP level 5. HP: 42/45 MP: 5/5
  3262 | D:4      | Noticed Ijyb
  3269 | D:4      | Killed Ijyb
  3269 | D:4      | Reached skill level 7 in Axes
  3645 | D:4      | Reached skill level 8 in Axes
  3645 | D:4      | Reached XP level 6. HP: 50/51 MP: 6/6
  3894 | D:4      | Noticed a +0 dagger
  3895 | D:4      | Noticed a +0 dagger
  3897 | D:4      | Found a hide-covered altar of Uskayaw.
  3898 | D:4      | Noticed a phantom
  3915 | D:4      | Killed a phantom
  4047 | D:5      | Entered Level 5 of the Dungeon
  4060 | D:5      | Reached skill level 9 in Axes
  4258 | D:5      | Noticed Eustachio
  4282 | D:5      | Killed Eustachio
  4282 | D:5      | Reached XP level 7. HP: 45/57 MP: 7/7
  4334 | D:5      | Reached skill level 10 in Axes
  4342 | D:5      | HP: 2/57 [ogre/+0 giant spiked club (8)]
  4610 | D:5      | Noticed Grinder
  4633 | D:5      | Slain by Grinder

Levels and vault maps discovered:
D:1:      dpeg_arrival_morbid_curiosity, layout_basic, serial_bayou_pond_d
D:2:      layout_basic, old_standard_altar, first_ration,
          chequers_ecumenical_altar_island, nicolae_dithmenos_shadow_blocks
D:3:      layout_basic, old_standard_altar, ebering_ghost_sewer_d,
          kennysheep_cross_bottleneck
D:4:      layout_loops_ring, dancing_weapons_uskayaw, uniq_ijyb
D:5:      layout_basic, minmay_temple_entry_proselytizer, portal_sewer_entry_e,
          minmay_fractal_squares_diagonal_5, uniq_grinder, uniq_eustachio,
          uniq_blork_the_orc

Skill      XL: |  1  2  3  4  5  6  7 |
---------------+----------------------+-----
Axes           | 3 4 5 6 8 9 10 | 10.6
Fighting       | |  3.6
Armour         | |  3.2
Shields        | |  3.2

Action                   |  1- 3 |  4- 6 |  7- 9 || total
-------------------------+-------+-------+-------++-------
Melee: War axe           |   105 |   147 |    31 ||   283
  Eat: Chunk             |     3 |     6 |       ||     9
       Ration            |       |       |     1 ||     1
Armor: Scale mail        |    41 |    14 |       ||    55
       Plate armour      |       |    85 |    10 ||    95
Dodge: Dodged            |    32 |    36 |     2 ||    70
Block: Shield            |    50 |    73 |     8 ||   131
